 Dungeon Crawl Stone Soup version 0.32-a0-18-g89e19f1974 (webtiles) character file.

Game seed: 13079738814701238351

911 Malachi the Carver (level 8, -2/64 HPs)
             Began as a Gnoll Wanderer on Jan 16, 2024.
             Succumbed to a water moccasin's poison
             ... on level 5 of the Dungeon.
             The game lasted 00:04:14 (3520 turns).

Malachi the Carver (Gnoll Wanderer)                 Turns: 3520, Time: 00:04:15

Health: -2/64      AC: 12    Str: 11    XL:     8   Next: 8%
Magic:  10/15      EV:  4    Int: 12    God:
Gold:   228        SH:  0    Dex: 14    Spells: 17/17 levels left

rFire   . . .        h - +6 triple sword (flame)
rCold   + . .        (shield currently unavailable)
rNeg    . . .        b - +0 chain mail
rPois   .            u - +0 helmet
rElec   .            (no cloak)
rCorr   .            (no gloves)
SInv    .            (no boots)
Will    .....        (no amulet)
Stlth   +            (no ring)
HPRegen 0.30/turn    (no ring)
MPRegen 0.14/turn

%: no passive effects
@: lethally poisoned (-2 -> -19), about to teleport, weakened, held
A: fangs 1, strong nose, distributed training, camouflage 1, cold resistance 1,
subdued magic 1
a: no special abilities


You were on level 5 of the Dungeon.
You visited 1 branch of the dungeon, and saw 5 of its levels.

You collected 248 gold pieces.
You spent 20 gold pieces at shops.

Inventory:

Hand Weapons
 a - a +0 falchion of venom
 h - a +6 triple sword of flaming (weapon)
 s - a +0 demon blade of protection
Missiles
 i - a throwing net (quivered)
 l - 2 poisoned darts
Armour
 b - a +0 chain mail (worn)
 u - a +0 helmet (worn)
Jewellery
 n - a +6 ring of intelligence
Wands
 g - a wand of paralysis (11)
 v - a wand of iceblast (10)
Scrolls
 d - 2 scrolls of butterflies
 f - 2 scrolls of fog
 k - 2 scrolls of poison
Potions
 e - a potion of experience
 j - a potion of ambrosia {unknown}
 m - a potion of lignification {unknown}
 o - a potion of resistance {unknown}
 p - a potion of curing {unknown}
 q - 2 potions of mutation
 r - a potion of heal wounds {unknown}
 t - 2 potions of enlightenment {unknown}


   Skills:
 + Level 6.0 Fighting
 + Level 5.3 Short Blades
 + Level 10.1 Long Blades
 + Level 5.3 Axes
 + Level 5.3 Maces & Flails
 + Level 5.3 Polearms
 + Level 5.3 Staves
 + Level 5.3 Ranged Weapons
 + Level 7.1 Throwing
 + Level 8.5 Armour
 + Level 5.3 Dodging
 + Level 5.3 Stealth
 + Level 5.3 Shields
 + Level 5.3 Unarmed Combat
 + Level 5.3 Spellcasting
 + Level 4.4 Conjurations
 + Level 4.4 Hexes
 + Level 4.4 Summonings
 + Level 4.4 Necromancy
 + Level 4.4 Translocations
 + Level 4.4 Fire Magic
 + Level 4.4 Ice Magic
 + Level 4.4 Air Magic
 + Level 4.4 Earth Magic
 + Level 4.4 Alchemy
 + Level 5.8 Invocations
 + Level 5.3 Evocations
 + Level 4.8 Shapeshifting


You had 17 spell levels left.
You didn't know any spells.
Your spell library contained the following spells:

 Spells                   Type           Power      Damage    Failure   Level
 Dazzling Flash           Conj/Hex       20%        N/A       86%         3
 Volatile Blastmotes      Fire/Tloc      20%        2d11      86%         3
 Starburst                Conj/Fire      5%         6d4       100%        6
 Maxwell's Capacitive Co  Air            5%         ∞         100%        8


Dungeon Overview and Level Annotations

Branches:
Dungeon (5/15)
 Temple: D:4-7

Altars:
Vehumet

Shops:
D:1 ?

Annotations:
D:5 Grinder


Innate Abilities, Weirdness & Mutations

You have very sharp teeth.
Your uncanny sense of smell can sniff out nearby items.
Your experience applies equally to all skills.
Your skin changes colour to match your surroundings (Stealth+).
Your flesh is cold resistant. (rC+)
Your spells are a little easier to cast, but a little less powerful.


Message History

Your Polearms skill gained 3 levels and is now at level 5!
Your Staves skill gained 3 levels and is now at level 5!
Your Ranged Weapons skill gained 3 levels and is now at level 5!
Your Throwing skill gained 2 levels and is now at level 7!
Your Armour skill increases to level 8!
Your Dodging skill gained 3 levels and is now at level 5!
Your Stealth skill gained 3 levels and is now at level 5!
Your Shields skill gained 3 levels and is now at level 5!
Your Unarmed Combat skill gained 3 levels and is now at level 5!
Your Spellcasting skill gained 3 levels and is now at level 5!
Your Conjurations skill gained 3 levels and is now at level 4!
Your Hexes skill gained 3 levels and is now at level 4!
Your Summonings skill gained 3 levels and is now at level 4!
Your Necromancy skill gained 3 levels and is now at level 4!
Your Translocations skill gained 3 levels and is now at level 4!
Your Fire Magic skill gained 3 levels and is now at level 4!
Your Ice Magic skill gained 3 levels and is now at level 4!
Your Air Magic skill gained 3 levels and is now at level 4!
Your Earth Magic skill gained 3 levels and is now at level 4!
Your Alchemy skill gained 3 levels and is now at level 4!
Your Invocations skill gained 3 levels and is now at level 5!
Your Evocations skill gained 3 levels and is now at level 5!
Your Shapeshifting skill gained 2 levels and is now at level 4!
You have reached level 8!
You feel stronger. The water moccasin bites you.
* * * LOW HITPOINT WARNING * * *
The gnoll hits you from afar with a +0 halberd.
* * * LOW HITPOINT WARNING * * *
The gnoll hits you but does no damage. The water moccasin bites you.
* * * LOW HITPOINT WARNING * * *
You are lethally poisoned!
The water moccasin poisons you!
The gnoll bouda hits you with a +0 club.
* * * LOW HITPOINT WARNING * * *
Grinder blinks!
The gnoll hits you but does no damage.
It was a potion of mutation.
You feel extremely strange.
Your connection to magic feels subdued.
You feel resistant to cold.
Your skin functions as natural camouflage.
You die...

##.## ##. #...#####..
### #....#.....
##.####..........
#####...##........#..
##..##............###.
#....#.........#..#...
##..............#......
#....S@.........##....#
###..gg.............#.#
#...gg#.......#....##..
#....§#....)###....##..
##...###.....##.....#..
#.... .....####......
#5... ...... ...#...
#.... ...... .##...
..#.## ##......


You could see Grinder, a water moccasin, a gnoll bouda and 3 gnolls.

Vanquished Creatures
  4 scorpions
  A bombardier beetle (D:3)
  An iguana (D:4)
  2 orc wizards (D:5)
  A gnoll (D:5)
  3 adders
  A ribbon worm (D:2)
  4 orcs
  3 ball pythons
  9 bats
  6 endoplasms
  4 giant cockroaches
  5 goblins
  10 hobgoblins
  2 quokkas (D:1)
  5 frilled lizards (D:1)
  13 kobolds
  10 rats
84 creatures vanquished.

Notes
Turn   | Place    | Note
-------+----------+-------------------------------------------
     0 | D:1      | Malachi the Gnoll Wanderer began the quest for the Orb.
     0 | D:1      | Malachi set off with the following items: a +0 falchion, a
                  | +0 chain mail, a scroll of teleportation, a scroll of
                  | butterflies.
     0 | D:1      | Reached XP level 1. HP: 17/17 MP: 1/1
   132 | D:1      | Reached XP level 2. HP: 21/23 MP: 2/2
   279 | D:1      | Found Zoruneom's Magic Scroll Emporium.
   282 | D:1      | Bought a scroll of identify for 20 gold pieces
   535 | D:1      | Reached XP level 3. HP: 28/28 MP: 3/3
   776 | D:1      | Reached skill level 1 in Invocations
   928 | D:2      | Reached skill level 1 in Short Blades
   928 | D:2      | Reached skill level 1 in Axes
   928 | D:2      | Reached skill level 1 in Maces & Flails
   928 | D:2      | Reached skill level 1 in Polearms
   928 | D:2      | Reached skill level 1 in Staves
   928 | D:2      | Reached skill level 1 in Ranged Weapons
   928 | D:2      | Reached skill level 1 in Dodging
   928 | D:2      | Reached skill level 1 in Stealth
   928 | D:2      | Reached skill level 1 in Shields
   928 | D:2      | Reached skill level 1 in Unarmed Combat
   928 | D:2      | Reached skill level 1 in Spellcasting
   928 | D:2      | Reached skill level 1 in Evocations
  1024 | D:2      | Reached skill level 1 in Shapeshifting
  1024 | D:2      | Reached XP level 4. HP: 26/34 MP: 5/5
  1521 | D:3      | Reached skill level 1 in Conjurations
  1521 | D:3      | Reached skill level 1 in Hexes
  1521 | D:3      | Reached skill level 1 in Summonings
  1521 | D:3      | Reached skill level 1 in Necromancy
  1521 | D:3      | Reached skill level 1 in Translocations
  1521 | D:3      | Reached skill level 1 in Fire Magic
  1521 | D:3      | Reached skill level 1 in Ice Magic
  1521 | D:3      | Reached skill level 1 in Air Magic
  1521 | D:3      | Reached skill level 1 in Earth Magic
  1521 | D:3      | Reached skill level 1 in Alchemy
  1721 | D:3      | Reached XP level 5. HP: 40/40 MP: 5/7
  2418 | D:4      | Found a radiant altar of Vehumet.
  2629 | D:4      | Reached XP level 6. HP: 45/47 MP: 8/8
  2833 | D:4      | Reached skill level 5 in Throwing
  2847 | D:4      | Identified a scroll of acquirement
  2847 | D:4      | Acquired a +5 triple sword of freezing
  3026 | D:5      | Entered Level 5 of the Dungeon
  3026 | D:5      | Noticed an ice beast
  3265 | D:5      | Reached XP level 7. HP: 27/52 MP: 10/10
  3512 | D:5      | Noticed Grinder
  3519 | D:5      | Reached skill level 5 in Short Blades
  3519 | D:5      | Reached skill level 10 in Long Blades
  3519 | D:5      | Reached skill level 5 in Axes
  3519 | D:5      | Reached skill level 5 in Maces & Flails
  3519 | D:5      | Reached skill level 5 in Polearms
  3519 | D:5      | Reached skill level 5 in Staves
  3519 | D:5      | Reached skill level 5 in Ranged Weapons
  3519 | D:5      | Reached skill level 5 in Dodging
  3519 | D:5      | Reached skill level 5 in Stealth
  3519 | D:5      | Reached skill level 5 in Shields
  3519 | D:5      | Reached skill level 5 in Unarmed Combat
  3519 | D:5      | Reached skill level 5 in Spellcasting
  3519 | D:5      | Reached skill level 5 in Invocations
  3519 | D:5      | Reached skill level 5 in Evocations
  3519 | D:5      | Reached XP level 8. HP: 17/64 MP: 10/15
  3519 | D:5      | HP: 2/64 [gnoll bouda/+0 club (6)]
  3520 | D:5      | Gained mutation: Your spells are a little easier to cast,
                  | but a little less powerful. [potion of mutation]
  3520 | D:5      | Gained mutation: Your flesh is cold resistant. (rC+)
                  | [potion of mutation]
  3520 | D:5      | Gained mutation: Your skin changes colour to match your
                  | surroundings (Stealth+). [potion of mutation]
  3520 | D:5      | Succumbed to a water moccasin's poison

Illustrated notes

Levels and vault maps discovered:
D:1:      dpeg_chamrin_arrival_tetris, layout_basic, serial_shops,
          nicolae_shop_tiny_real_fake_doors, dreamdust_princess_bridge
D:2:      layout_loops_ring
D:3:      layout_loops_cross
D:4:      layout_layer_cave, mainiacjoe_overflow_concentric_impassable
D:5:      layout_cave_pools, nicolae_nh_ransacked_shop, uniq_pikel, uniq_grinder

Skill      XL: |  1  2  3  4  5  6  7 |
---------------+----------------------+-----
Invocations    | 1 2 5 |  5.8
Short Blades   | 1 2 5 |  5.3
Axes           | 1 2 5 |  5.3
Maces & Flails | 1 2 5 |  5.3
Polearms       | 1 2 5 |  5.3
Staves         | 1 2 5 |  5.3
Ranged Weapons | 1 2 5 |  5.3
Dodging        | 1 2 5 |  5.3
Stealth        | 1 2 5 |  5.3
Shields        | 1 2 5 |  5.3
Unarmed Combat | 1 2 5 |  5.3
Spellcasting   | 1 2 5 |  5.3
Evocations     | 1 2 5 |  5.3
Shapeshifting  | 1 2 4 |  4.8
Conjurations   | 1 4 |  4.4
Hexes          | 1 4 |  4.4
Summonings     | 1 4 |  4.4
Necromancy     | 1 4 |  4.4
Translocations | 1 4 |  4.4
Fire Magic     | 1 4 |  4.4
Ice Magic      | 1 4 |  4.4
Air Magic      | 1 4 |  4.4
Earth Magic    | 1 4 |  4.4
Alchemy        | 1 4 |  4.4
Fighting       | 3 6 |  6.0
Throwing       | 5 7 |  7.1
Armour         | 7 8 |  8.5
Long Blades    | 10 | 10.1

Action                     |  1- 3 |  4- 6 |  7- 9 || total
---------------------------+-------+-------+-------++-------
  Melee: Falchion          |   107 |    93 |       ||   200
         Bite              |     5 |    10 |       ||    15
         Punch             |     1 |     4 |       ||     5
         Triple sword      |       |    11 |     5 ||    16
         Demon blade       |       |     7 |       ||     7
    Use: Scroll            |     2 |    10 |     1 ||    13
         Potion            |       |       |     2 ||     2
 Armour: Chain mail        |    78 |    94 |    34 ||   206
  Dodge: Dodged            |    26 |    13 |     6 ||    45

Table legend: (Time is in decaauts)
 A = Elapsed time spent in this place.
 B = Non-inter-level travel time spent in this place.
 C = Inter-level travel time spent in this place.
 D = Time resting spent in this place.
 E = Time spent auto-exploring this place.
 F = Levels seen in this place.
 G = Mean time per level.
                   A        B        C        D        E       F      G
               +--------+--------+--------+--------+--------+-----+--------+
         Total |   3498 |   3310 |    188 |    511 |   2270 |   5 |  699.6 |
       Dungeon |   3498 |   3310 |    188 |    511 |   2270 |   5 |  699.6 |
               +--------+--------+--------+--------+--------+-----+--------+

Top non-repeatable levels by time:
     D:4: 1212 daAuts
     D:1: 828 daAuts
     D:3: 667 daAuts
     D:2: 665 daAuts
     D:5: 125 daAuts
